 Dungeon Crawl Stone Soup version 0.30.0-17-ge0270778cf (webtiles) character file.

Game seed: 11053143031753202484

1886604 mattengel8991 the Metallomancer (level 27, 182/182 HPs)
             Began as a Gargoyle Earth Elementalist on May 18, 2023.
             Was the Champion of Lugonu.
             Escaped with the Orb
             ... and 4 runes on May 22, 2023!
             The game lasted 06:33:10 (100384 turns).

mattengel8991 the Metallomancer (GrEE)            Turns: 100384, Time: 06:33:10

Health: 182/182    AC: 33    Str: 15    XL:     27
Magic:  23/45      EV: 20    Int: 37    God:    Lugonu [******]
Gold:   3327       SH:  9    Dex: 15    Spells: 2/62 levels left

rFire   + + .        B - staff of earth {@w1}
rCold   + + .        H - +0 buckler {rC+ rF+}
rNeg    + . .        X - +2 robe {rC+ rF+}
rPois   ∞            N - +0 hat of Zin's Esteem {Regen+ Str-3 Int+2 Dex+3}
rElec   +            M - +2 cloak {rCorr}
rCorr   +            I - +2 pair of gloves
SInv    +            e - +0 pair of boots "Beazim" {Int+5}
Will    +++..        O - amulet of regeneration
Stlth   +            x - +6 ring of intelligence
HPRegen 2.10/turn    R - ring of Seasireh {rPois Will+ Dex+2 SInv Stlth-}
MPRegen 0.29/turn

%: no passive effects
@: flying, studying 4 skills
A: sickness immunity, AC +20, big wings, negative energy resistance 1,
electricity resistance, torment resistance 1, petrification resistance
0: Orb of Zot
}: 4/15 runes: decaying, silver, abyssal, gossamer
a: Renounce Religion, Depart the Abyss, Banish, Corrupt, Enter the Abyss


You escaped.
You worshipped Lugonu.
Lugonu was exalted by your worship.
You visited 12 branches of the dungeon, and saw 52 of its levels.
You visited the Abyss 4 times.
You also visited: Wizlab.

You collected 7621 gold pieces.
You spent 4294 gold pieces at shops.

Inventory:

Hand Weapons
 u - a +4 heavy eveningstar {@w3}
 y - a +9 demon whip of distortion {@w2}
Missiles
 a - 28 curare-tipped darts
 E - 3 throwing nets
Armour
 e - the +0 pair of boots "Beazim" (worn) {Int+5}
   (You found it on level 4 of the Swamp)

   Int:       It affects your intelligence (+5).
 l - the +1 cloak of Starlight {*Dazzle EV+4 Stlth--}
   (You found it on level 5 of the Vaults)

   *Dazzle:   It may blind those who miss an attack against the wearer in melee
   combat.
   EV:        It affects your evasion (+4).
   Stlth:     It makes you much less stealthy.
 H - a +0 buckler of resistance (worn)
 I - a +2 pair of gloves (worn)
 L - a +2 kite shield
 M - a +2 cloak of preservation (worn)
 N - the +0 hat of Zin's Esteem (worn) {Regen+ Str-3 Int+2 Dex+3}
   (You acquired it on level 3 of the Elven Halls)

   Str:       It affects your strength (-3).
   Int:       It affects your intelligence (+2).
   Dex:       It affects your dexterity (+3).
   Regen:     It increases your rate of health regeneration.
 Q - the +5 faerie dragon scales {-Tele +Inv rC+ rCorr Str+2}
   (You took it off the Enchantress on level 2 of the Depths)

   Str:       It affects your strength (+2).
   rC:        It protects you from cold.
   +Inv:      It lets you turn invisible.
   -Tele:     It prevents most forms of teleportation.
   rCorr:     It protects you from acid and corrosion.
 X - a +2 robe of resistance (worn)
Magical Staves
 B - a staff of earth (weapon) {@w1}
Jewellery
 x - a +6 ring of intelligence (left hand)
 J - a ring of magical power
 O - an amulet of regeneration (around neck)
 R - the ring of Seasireh (right hand) {rPois Will+ Dex+2 SInv Stlth-}
   (You found it on level 13 of the Dungeon)

   [ring of see invisible]

   Dex:       It affects your dexterity (+2).
   rPois:     It protects you from poison.
   SInv:      It lets you see invisible.
   Will:      It increases your willpower.
   Stlth:     It makes you less stealthy.
 T - the amulet "Zipta" {Spirit Will+ Int+4 Stlth+}
   (You took it off a hell knight on level 3 of the Depths)

   [amulet of guardian spirit]

   It causes incoming damage to be divided between your reserves of health and
   magic.
   Int:       It affects your intelligence (+4).
   Will:      It increases your willpower.
   Stlth:     It makes you more stealthy.
 W - a +4 ring of slaying
Wands
 q - a wand of digging (17)
 D - a wand of iceblast (41)
 Z - a wand of light (10)
Scrolls
 j - 4 scrolls of silence
 k - 5 scrolls of fear
 r - 8 scrolls of vulnerability
 t - 10 scrolls of teleportation
 v - 4 scrolls of blinking
 A - 12 scrolls of poison
 C - 4 scrolls of fog
 K - 5 scrolls of immolation
 P - 2 scrolls of magic mapping
Potions
 h - 18 potions of curing
 m - 5 potions of brilliance
 p - 7 potions of lignification
 s - a potion of heal wounds
 w - 4 potions of might
 z - 4 potions of resistance
 G - a potion of invisibility
 S - 5 potions of mutation
 U - 9 potions of attraction
 V - 3 potions of cancellation
 Y - 2 potions of berserk rage
Miscellaneous
 c - a condenser vane
 g - a box of beasts
 i - a lightning rod (4/4)
 n - a phial of floods
 o - a phantom mirror


   Skills:
 - Level 21.2 Fighting
 - Level 0.1 Short Blades
 - Level 16.0(16.4) Maces & Flails
 - Level 6.0(12.0) Staves
 * Level 8.4 Armour
 - Level 15.0 Dodging
 - Level 5.0 Stealth
 - Level 17.7 Shields
 - Level 18.4 Spellcasting
 - Level 20.0 Conjurations
 - Level 1.3 Hexes
 * Level 6.3 Summonings
 - Level 4.2 Necromancy
 - Level 3.4 Transmutations
 - Level 24.4 Earth Magic
 - Level 5.4 Poison Magic
 - Level 6.4 Invocations
 * Level 10.2 Evocations


You had 2 spell levels left.
You knew the following spells:

 Your Spells              Type           Power      Damage    Failure   Level
a - Sandblast             Erth           100%       2d20      0%          1
b - Passwall              Tmut/Erth      97%        N/A       0%          2
c - Stone Arrow           Conj/Erth      100%       3d13      0%          3
d - Petrify               Tmut/Erth      100%       N/A       1%          4
e - Leda's Liquefaction   Hex/Erth       57%        N/A       1%          4
f - Iron Shot             Conj/Erth      70%        9d13      0%          6
g - Lee's Rapid Deconstr  Erth           72%        3d32*     0%          5
h - Olgreb's Toxic Radia  Pois           65%        N/A       1%          4
i - Borgnjor's Vile Clut  Necr/Erth      59%        N/A       1%          5
j - Lehudib's Crystal Sp  Conj/Erth      70%        10d16     1%          8
k - Shatter               Erth           72%        3d53*     4%          9
l - Wereblood             Tmut           56%        N/A       1%          2
m - Spellforged Servitor  Conj/Summ      46%        N/A       3%          7

Your spell library contained the following spells:

 Spells                   Type           Power      Damage    Failure   Level
 Foxfire                  Conj/Fire      100%       2x1d9     0%          1
 Kiss of Death            Conj/Necr      100%       2d13      0%          1
 Magic Dart               Conj           100%       1d8       0%          1
 Searing Ray              Conj           100%       2d8       0%          2
 Apportation              Tloc           68%        N/A       1%          1
 Freeze                   Ice            100%       1d10      1%          1
 Necrotise                Necr           100%       1d9       1%          1
 Slow                     Hex            100%       N/A       1%          1
 Sting                    Tmut/Pois      100%       1d8       1%          1
 Summon Small Mammal      Summ           100%       N/A       1%          1
 Blink                    Tloc           68%        N/A       1%          2
 Call Imp                 Summ           100%       N/A       1%          2
 Ensorcelled Hibernation  Hex/Ice        76%        N/A       1%          2
 Poisonous Vapours        Pois/Air       100%       N/A       1%          2
 Static Discharge         Conj/Air       100%       2-7/arc   1%          2
 Iskenderun's Battlesphe  Conj           100%       2d15      0%          5
 Call Canine Familiar     Summ           69%        N/A       1%          3
 Confusing Touch          Hex            43%        N/A       1%          3
 Dazzling Flash           Conj/Hex       100%       N/A       1%          3
 Hailstorm                Conj/Ice       83%        3d17      1%          3
 Ignite Poison            Fire/Tmut/Pois 54%        N/A       1%          3
 Mephitic Cloud           Conj/Pois/Air  77%        N/A       1%          3
 Spider Form              Tmut/Pois      61%        N/A       1%          3
 Vampiric Draining        Necr           60%        2d10      1%          3
 Animate Armour           Summ/Erth      100%       N/A       1%          4
 Dispel Undead            Necr           60%        3d21      1%          4
 Flame Wave               Conj/Fire      83%        2d18      1%          4
 Fulminant Prism          Conj/Hex       42%        3d19      1%          4
 Iskenderun's Mystic Bla  Conj/Tloc      83%        2d16      1%          4
 Sticky Flame             Conj/Fire      83%        2d9       1%          4
 Arcjolt                  Conj/Air       41%        1d51      1%          5
 Fireball                 Conj/Fire      41%        3d17      1%          5
 Freezing Cloud           Conj/Ice/Air   35%        6-21      1%          5
 Orb of Destruction       Conj           55%        9d14      1%          7
 Inner Flame              Hex/Fire       38%        N/A       2%          3
 Portal Projectile        Hex/Tloc       76%        N/A       2%          3
 Summon Ice Beast         Ice/Summ       55%        N/A       2%          4
 Conjure Ball Lightning   Conj/Air       41%        3x3d13    2%          6
 Starburst                Conj/Fire      41%        6d12      2%          6
 Ozocubu's Armour         Ice            34%        N/A       3%          3
 Vhi's Electric Charge    Tloc/Air       68%        N/A       3%          3
 Volatile Blastmotes      Fire/Tloc      68%        2d15      3%          3
 Anguish                  Hex/Necr       26%        N/A       3%          4
 Alistair's Intoxication  Tmut/Pois      40%        N/A       4%          5
 Summon Mana Viper        Hex/Summ       58%        N/A       6%          5
 Blade Hands              Tmut           28%        N/A       7%          5
 Summon Forest            Summ/Tloc      27%        N/A       8%          5
 Airstrike                Air            17%        2d(3-19)  10%         4
 Manifold Assault         Tloc           34%        N/A       10%         4
 Passage of Golubria      Tloc           34%        N/A       10%         4
 Yara's Violent Unravell  Hex/Tmut       25%        3d11      11%         5
 Summon Cactus Giant      Summ           34%        N/A       12%         6
 Metabolic Englaciation   Hex/Ice        19%        N/A       22%         5
 Silence                  Hex/Air        19%        N/A       22%         5
 Death Channel            Necr           30%        N/A       26%         6
 Eringya's Noxious Bog    Tmut/Pois      30%        N/A       26%         6
 Simulacrum               Ice/Necr       24%        N/A       54%         6
 Monstrous Menagerie      Summ           34%        N/A       54%         7
 Summon Hydra             Summ           34%        N/A       54%         7
 Plasma Beam              Fire/Air       17%        2x1d31    83%         6
 Malign Gateway           Summ/Tloc      27%        N/A       93%         7
 Enfeeble                 Hex            21%        N/A       99%         7
 Summon Horrible Things   Summ           34%        N/A       99%         8
 Ozocubu's Refrigeration  Ice            17%        4d11      100%        7
 Discord                  Hex            21%        N/A       100%        8
 Disjunction              Tloc           17%        N/A       100%        8
 Chain Lightning          Conj/Air       41%        3d55      100%        9
 Fire Storm               Conj/Fire      41%        8d11      100%        9
 Polar Vortex             Ice            17%        N/A       100%        9
 Cigotuvi's Dreadful Rot  Necr/Pois/Air  Unusable   N/A       N/A         2
 Sublimation of Blood     Necr           Unusable   N/A       N/A         2
 Statue Form              Tmut/Erth      Unusable   N/A       N/A         6

Dungeon Overview and Level Annotations

Branches:
Dungeon (15/15)            Temple (1/1) D:7            Lair (5/5) D:9
  Swamp (4/4) Lair:3       Spider (4/4) Lair:3        Slime (0/5) Lair:4
    Orc (2/2) D:10            Elf (3/3) Orc:2        Vaults (5/5) D:14
  Crypt (3/3) Vaults:3       Tomb (0/3) Crypt:3      Depths (4/4) D:15
   Hell (visited)             Tar (0/7) Hell            Zot (5/5) Depths:4
 WizLab (visited)
    Dis: Hell:1         Geh: Hell:1         Coc: Hell:1

Altars:
Ashenzari
Cheibriados
Dithmenos
Elyvilon
Fedhas
Gozag
Hepliaklqana
Kikubaaqudgha
Makhleb
Nemelex Xobeh
Okawaru
Qazlal
Ru
Sif Muna
Trog
Uskayaw
Vehumet
Wu Jian
Xom
Yredelemnul
Zin
The Shining One
Jiyva

Shops:
D:5 ?*[   D:10 [   D:13 [   D:15 ?   Orc:1 ([!   Orc:2 ((?=

Portals:
Hell: Depths:1 Depths:2 Depths:3 Depths:4
Abyss: Depths:1 Depths:2 Depths:3 Depths:4
Pandemonium: Depths:1 Depths:2 Depths:4
Ziggurat: Depths:4
Trove: D:10 (give horn of Geryon)

Annotations:
Elf:2 3 runed translucent doors
Depths:1 1 runed translucent door, Kabe's ghost, veteran BaIE


Innate Abilities, Weirdness & Mutations

You are immune to sickness and miasma.
Your stone body is resilient. (AC +20)
You are immune to poison.
Your large and strong wings let you fly.
You resist negative energy. (rN+)
You are resistant to electric shocks. (rElec)
You are resistant to unholy torment.
You are immune to petrification.


Message History

There is a stone staircase leading down here.
Unknown command.
There is a stone staircase leading up here.
You fly upwards.
There is a stone staircase leading down here.
Unknown command.
Aiming: Dig
Press: ? - help, Shift-Dir - straight line A rock wall.
This square is covered in magical glow.
The rock shatters into small pieces.
A sun demon comes into view.
You feel a surge of power!
The iron shot hits the sun demon!!!
The sun demon is almost dead.
You feel a surge of power!
The iron shot hits the sun demon!!!
You kill the sun demon!
Lugonu accepts your kill.
Your extra speed is starting to run out.
You feel yourself slow down.
Things that are here:
a +0 animal skin; a +0 short sword
There is an escape hatch in the ceiling here.
A mysterious force pulls you upwards. The hatch slams shut behind you.
Unknown command.
Casting: Iron Shot (safe; 0% risk of failure)
Confirm with . or Enter, or press ? or * to list all spells.
You feel a surge of power!
The dungeon rumbles!
Ka-crash!
Unknown command.
Casting: Shatter (dangerous; 4% risk of failure)
Confirm with . or Enter, or press ? or * to list all spells.
You feel a surge of power!
The dungeon rumbles!
You kill the tormentor!
Lugonu accepts your kill.
A door shatters!
Ka-crash!
An Ice Fiend comes into view.
There is a staircase leading out of the dungeon here.
You have escaped!

....# ..### #########
#.####################.......#
..........)............#####'####
#.###############.######....#....
.....####.........# #).#####..
..[........######.## #....#.†..
.............#.....## #....#....
###........###..@...# #.###_###.
..###..#..#.##......## #....#....
...............###.#.# #....#....
..)......#..#..#.#.#.# #..#####..
###.#....####..###.#.###....#....
###..##..#####.1...#...#####'####
.†...##......#.....###.#.........
......#......#.....###.#.........
..###.#......###.#.#.#.#.........


You could see an Ice Fiend.

Vanquished Creatures
  6 dread liches
  4 ancient liches
  An orb of fire (Zot:5)
  2 juggernauts (Depths:2)
  Sojobo (Depths:3)
  Frederick (Vaults:5)
  3 Killer Klowns (Zot:5)
  the Lernaean hydra (Swamp:4)
  The ghost of Emnejil the Slayer, a master VSBe of Trog (Zot:2)
  A curse toe (Zot:3)
  Geryon (Hell)
  Nikola (D:14)
  6 caustic shrikes
  10 golden dragons
  Jory (Depths:3)
  the Enchantress (Depths:2)
  2 bone dragons
  Arachne (Spider:3)
  An electric golem (Zot:5)
  18 tentacled monstrosities
  An Ice Fiend (Zot:2)
  8 quicksilver dragons
  13 Orb Guardians (Zot:5)
  A deep elf master archer (Elf:3)
  A walking crystal tome (Depths:2)
  7 liches
  2 deep elf blademasters (Elf:3)
  5 titans
  An Executioner (Depths:4)
  6 ancient champions
  2 sphinxes
  12 storm dragons
  12 death cobs
  4 tentacled starspawn
  2 thorn hunters
  14 shadow dragons
  2 revenants (Crypt:3)
  A draconian knight (Zot:5)
  2 fenstrider witches
  7 fire giants
  5 tengu reavers
  5 draconian monks
  Roxanne (Elf:3)
  17 vault wardens
  5 deep elf sorcerers
  An iron dragon (Depths:2)
  2 ghost moths
  9 emperor scorpions
  9 frost giants
  Louise (Depths:3)
  Aizul (Depths:2)
  2 balrugs (Hell)
  2 curse skulls
  3 ghouls
  6 draconian scorchers
  3 deep elf elementalists (Elf:3)
  5 draconian shifters
  3 spriggan defenders (Depths:2)
  3 draconian stormcallers
  18 stone giants
  A caustic shrike zombie (Crypt:2)
  An ophan (Abyss:3)
  5 war gargoyles
  5 demonspawn corrupters (WizLab)
  32 very ugly things
  23 ironbound preservers
  7 draconian annihilators
  4 reapers
  3 deep elf demonologists
  12 ironbound thunderhulks
  3 black draconians (Zot:1)
  15 deep elf annihilators
  9 vampire knights
  6 eleionomae
  14 green draconians
  The ghost of BillyBaka the Basher, a journeyman GrFi of Gozag (D:13)
  A lorocyproca (Depths:4)
  10 dire elephants
  6 purple draconians
  5 white draconians
  The ghost of Darkkill the Fighter, a journeyman MiHu of Gozag (Lair:5)
  11 spark wasps
  7 red draconians
  21 ettins
  2 green deaths
  6 bunyips
  3 eidola
  5 yellow draconians
  Snorg (D:14)
  4 deep elf death magi
  12 yaktaur captains
  5 fire dragons
  A quicksilver dragon zombie (Crypt:3)
  9 entropy weavers
  4 crystal guardians (Elf:3)
  The ghost of Kranky the Fighter, a journeyman MiGl of Okawaru (D:11)
  16 jiangshi
  9 deep elf high priests
  2 merfolk impalers (Depths:2)
  Fannar (Lair:2)
  26 hydras
  3 great orbs of eyes
  A spriggan skeleton (Depths:3)
  31 vault guards
  3 rakshasas
  8 ice dragons
  A catoblepas (Lair:2)
  A fenstrider witch zombie (Crypt:1)
  A ghost crab (Swamp:2)
  14 ironbound frosthearts
  6 ogre magi
  4 radroaches
  2 jorogumos (Spider:2)
  A hell beast (Depths:3)
  9 spriggan air magi
  11 alligators
  24 centaur warriors
  4 two-headed ogres
  A two-headed ogre (shapeshifter) (Vaults:5)
  6 dancing weapons
  Erica (D:8)
  2 death knights (Crypt:2)
  8 boulder beetles
  4 deep troll earth magi
  3 deep troll shamans
  A hell hog (Depths:3)
  4 thrashing horrors
  9 vampire magi
  The ghost of booth the Conjurer, a novice DsRe of Gozag (D:9)
  13 tengu warriors
  A death yak (Lair:3)
  2 spriggan berserkers
  A bennu skeleton (Crypt:2)
  An orc high priest (Elf:1)
  Sonja (Lair:4)
  12 deep elf knights
  A storm dragon zombie (Depths:3)
  7 sun demons
  2 iron trolls
  2 skysharks (Lair:2)
  5 wretched stars
  10 hell knights
  5 soul eaters
  2 shadow wraiths
  5 goliath frogs
  6 pharaoh ants
  3 sixfirhies
  4 glowing orange brains
  2 glowing orange brains (shapeshifter)
  A shadow demon (Depths:1)
  63 deep trolls
  43 skeletal warriors
  7 flayed ghosts
  4 spriggan druids
  9 deep elf archers
  A ghost moth zombie (Crypt:2)
  3 orb spiders
  15 bog bodies
  An orange crystal statue (Depths:2)
  10 swamp dragons
  15 steelbarb worms
  12 necromancers
  18 wizards
  8 lindwurms
  4 harpies (Vaults:1)
  15 ironbound convokers
  A lindwurm (shapeshifter) (Vaults:5)
  14 phantasmal warriors
  18 deep elf zephyrmancers
  21 wolf spiders
  8 orc sorcerers
  30 ugly things
  21 deep elf pyromancers
  2 orc knights
  A cyclops (shapeshifter) (Elf:2)
  An oklob plant (Swamp:2)
  A manticore (shapeshifter) (Depths:1)
  A stone giant zombie (Crypt:1)
  2 will-o-the-wisps
  A frost giant skeleton (Crypt:3)
  5 cyclopes
  A manticore (D:15)
  3 human skeletons
  6 worldbinders
  A dire elephant zombie (Crypt:1)
  21 moths of wrath
  23 vault sentinels
  Maurice (D:8)
  12 elephants
  An eye of devastation (shapeshifter) (Elf:1)
  8 rust devils
  An iron dragon skeleton (Crypt:1)
  3 black mambas
  A torpor snail (shapeshifter) (Depths:2)
  A gargoyle (D:11)
  6 torpor snails
  An orange demon (Depths:4)
  A cane toad (shapeshifter) (Depths:2)
  5 demonic crawlers
  4 molten gargoyles
  12 smoke demons
  Maggie (D:8)
  12 cane toads
  A yaktaur zombie (Vaults:1)
  An unseen horror (D:12)
  A storm dragon simulacrum (Depths:3)
  9 freezing wraiths
  4 rime drakes
  An efreet (D:15)
  34 yaktaurs
  4 kobold demonologists
  4 tengu conjurers
  A tormentor (D:1)
  8 komodo dragons
  4 guardian mummies
  An ice devil (Depths:2)
  4 red devils
  A harpy zombie (Crypt:1)
  3 ancient zymes
  A queen bee (Abyss:4)
  6 trolls
  11 meliai
  19 tarantellas
  3 hellwings
  A hydra skeleton (Crypt:2)
  12 tyrant leeches
  A bloated husk (Swamp:2)
  A death drake skeleton (Crypt:2)
  12 hornets
  5 raiju (Abyss:4)
  6 polar bears
  10 blink frogs
  11 dream sheep
  32 jumping spiders
  2 large abominations (Abyss:4)
  A black mamba zombie (Crypt:1)
  20 culicivoras
  An ice dragon zombie (Crypt:1)
  3 air elementals
  A centaur simulacrum (D:15)
  36 slime creatures
  8 wraiths
  11 flying skulls
  24 spriggans
  3 vampires
  A fire dragon skeleton (Crypt:3)
  A wind drake zombie (Crypt:2)
  6 shadows
  4 ynoxinuls
  2 basilisks
  7 water elementals
  5 fire elementals
  A black mamba skeleton (Crypt:3)
  A steam dragon (D:9)
  4 fire bats (Abyss:4)
  Grum (D:10)
  3 wyverns
  44 yaks
  3 chaos spawn
  A golden eye (Abyss:4)
  A redback (shapeshifter) (Vaults:5)
  18 vampire mosquitoes
  2 neqoxecs
  58 redbacks
  A naga zombie (Abyss:4)
  15 swamp worms
  4 wargs
  An acid dragon (D:12)
  14 water moccasins
  A floating eye (shapeshifter) (D:13)
  6 hell hounds
  A floating eye (Depths:3)
  11 orc warriors
  8 swamp drakes
  An ettin simulacrum (Vaults:1)
  5 ice beasts
  A black bear (shapeshifter) (D:15)
  6 ogres
  5 boggarts
  A manticore skeleton (Crypt:3)
  4 black bears
  24 wolves
  14 centaurs
  A dream sheep skeleton (Crypt:2)
  A snapping turtle skeleton (Crypt:1)
  13 kobold brigands
  A phantom (D:6)
  13 bullfrogs
  A gnoll sergeant (D:12)
  An earth elemental (Elf:3)
  3 scorpions
  A water moccasin zombie (Crypt:3)
  13 wights
  4 killer bees (D:7)
  A raiju skeleton (Crypt:1)
  6 electric eels
  5 lava snakes (Lair:4)
  A bullfrog skeleton (Crypt:3)
  3 human zombies (Crypt:1)
  6 jellies
  8 orc priests
  10 starcursed masses (Abyss:4)
  3 hounds
  A sleepcap (D:5)
  5 iguanas
  44 orc wizards
  A black bear skeleton (Crypt:1)
  A gnoll bouda (Orc:2)
  Natasha (thrice) (D:5)
  A sky beast zombie (Crypt:1)
  2 mummies (Crypt:1)
  A hound skeleton (Crypt:2)
  Robin (D:2)
  11 gnolls
  5 adders
  A shadow imp (D:6)
  A white imp (D:6)
  An ufetubus (D:6)
  2 worms
  A dart slug (D:2)
  70 orcs
  8 endoplasms
  5 giant cockroaches
  11 goblins
  6 hobgoblins
  2 quokkas (D:3)
  5 ball pythons
  A bat (D:3)
  3 frilled lizards
  8 kobolds
  3 rats
  A rat zombie (Crypt:2)
  A butterfly (Lair:5)
  A spectral weapon (Zot:5)
  6 starspawn tentacles
2223 creatures vanquished.

Vanquished Creatures (collateral kills)
  A Killer Klown (Zot:5)
  6 Orb Guardians (Zot:5)
  A death cob (Zot:5)
  A yellow draconian (Zot:1)
9 creatures vanquished.

Vanquished Creatures (others)
  A fire giant (Depths:4)
  A ghost moth (Zot:2)
  A deep elf knight (Elf:2)
  A deep elf archer (Elf:1)
  A phantasmal warrior (Vaults:4)
  A deep elf zephyrmancer (Elf:2)
  2 bloated husks
  A flying skull (Crypt:3)
  A chaos spawn (Abyss:3)
  An orc warrior (Elf:1)
  An orc wizard (Elf:1)
  6 orcs
  8 foxfires
  8 starspawn tentacles
34 creatures vanquished.

Grand Total: 2266 creatures vanquished

Notes
Turn   | Place    | Note
-------+----------+-------------------------------------------
     0 | D:1      | mattengel8991 the Gargoyle Earth Elementalist began the
                  | quest for the Orb.
     0 | D:1      | Reached XP level 1. HP: 10/10 MP: 3/3
   470 | D:1      | Found a faded altar of an unknown god.
   637 | D:2      | Reached skill level 4 in Earth Magic
   637 | D:2      | Reached XP level 2. HP: 15/15 MP: 5/5
  1184 | D:2      | Learned a level 2 spell: Passwall
  1261 | D:3      | Reached skill level 1 in Fighting
  1261 | D:3      | Reached XP level 3. HP: 20/20 MP: 2/6
  1265 | D:3      | Learned a level 3 spell: Stone Arrow
  1336 | D:3      | Reached XP level 4. HP: 24/25 MP: 4/7
  2223 | D:2      | Noticed Robin
  2235 | D:2      | Killed Robin
  2524 | D:2      | Reached XP level 5. HP: 30/30 MP: 7/9
  2526 | D:2      | Reached skill level 5 in Earth Magic
  2804 | D:4      | You fall into a shaft and drop 1 floor!
  2804 | D:5      | Entered Level 5 of the Dungeon
  2804 | D:5      | Found Oggurias's Magic Scroll Emporium.
  2830 | D:5      | Bought a scroll of teleportation for 42 gold pieces
  2830 | D:5      | Bought a scroll of fear for 56 gold pieces
  2836 | D:4      | Noticed Natasha
  2843 | D:5      | Killed Natasha
  3027 | D:4      | Identified the +4 whip of Pride {chaos, Str+5}
  3044 | D:4      | Reached skill level 1 in Conjurations
  3201 | D:4      | Reached XP level 6. HP: 36/36 MP: 5/11
  3388 | D:4      | Found a shimmering altar of Xom.
  4118 | D:5      | Noticed Natasha
  4122 | D:5      | Killed Natasha
  4127 | D:5      | Bought a scroll of identify for 28 gold pieces
  4127 | D:5      | Bought a scroll of identify for 28 gold pieces
  4311 | D:5      | Reached skill level 6 in Earth Magic
  4311 | D:5      | Reached XP level 7. HP: 37/41 MP: 3/13
  4405 | D:5      | Found Delacze's Antique Armour Shop.
  4458 | D:5      | Found Leihof's Assorted Antiques.
  4466 | D:5      | Bought a scroll labelled TORA VUCEDA for 22 gold pieces
  4516 | D:5      | Noticed Natasha
  4530 | D:5      | Killed Natasha
  5058 | D:6      | Reached skill level 1 in Transmutations
  5230 | D:6      | Reached skill level 5 in Spellcasting
  5230 | D:6      | Reached XP level 8. HP: 44/47 MP: 5/15
  5231 | D:6      | Reached skill level 1 in Maces & Flails
  5635 | D:6      | Reached skill level 7 in Earth Magic
  6280 | D:7      | Reached XP level 9. HP: 44/52 MP: 6/17
  6629 | D:7      | Reached skill level 5 in Conjurations
  6685 | D:7      | Found a staircase to the Ecumenical Temple.
  6703 | Temple   | Entered the Ecumenical Temple
  6829 | Temple   | Became a worshipper of Sif Muna the Loreminder
  6978 | D:5      | Bought a pair of gloves for 99 gold pieces
  6978 | D:5      | Bought a smoky ruby potion for 19 gold pieces
  7130 | D:8      | Reached skill level 5 in Fighting
  7281 | D:8      | Learned a level 4 spell: Petrify
  7613 | D:8      | Noticed Erica
  7635 | D:8      | Noticed Maurice
  7643 | D:8      | Killed Maurice
  7721 | D:8      | Noticed Maggie
  7730 | D:8      | Killed Maggie
  7731 | D:8      | Reached skill level 1 in Hexes
  8011 | D:9      | Reached XP level 10. HP: 60/60 MP: 19/19
  8109 | D:9      | Reached skill level 1 in Poison Magic
  8256 | D:9      | Got the Spellbook of Attendants
  8274 | D:9      | Found a staircase to the Lair.
  8360 | D:9      | Reached * piety under Sif Muna
  8490 | D:9      | Found a runed translucent gate.
  8491 | D:9      | Found a runed translucent gate.
  8492 | D:9      | Found a runed translucent gate.
  8493 | D:9      | Noticed a kobold demonologist
  8493 | D:9      | Noticed booth's ghost (novice DsRe)
  8668 | D:9      | Noticed a two-headed ogre
  8690 | D:10     | Entered Level 10 of the Dungeon
  8695 | D:10     | Reached skill level 5 in Stealth
  8696 | D:10     | Noticed Grum
  8780 | D:10     | Got Nyanec's Codex of Conflict and Venom
  9103 | D:10     | Reached skill level 5 in Maces & Flails
  9103 | D:10     | Reached skill level 8 in Earth Magic
  9458 | D:10     | Found a portal to a secret trove of treasure.
  9593 | D:10     | Killed Grum
  9782 | D:10     | Found a staircase to the Orcish Mines.
  9828 | D:10     | Reached XP level 11. HP: 67/67 MP: 7/20
 10273 | D:10     | Found a glowing golden altar of the Shining One.
 10273 | D:10     | Found a burning altar of Makhleb.
 10273 | D:10     | Found a blossoming altar of Fedhas.
 10278 | D:10     | Found a sparkling altar of Nemelex Xobeh.
 10279 | D:10     | Found an ancient bone altar of Kikubaaqudgha.
 10283 | D:10     | Found a glowing silver altar of Zin.
 10283 | D:10     | Found a shadowy altar of Dithmenos.
 10284 | D:10     | Found an iron altar of Okawaru.
 10286 | D:10     | Found a radiant altar of Vehumet.
 10290 | D:10     | Found a snail-covered altar of Cheibriados.
 10291 | D:10     | Found a bloodstained altar of Trog.
 10320 | D:10     | Found Aduttu's Antique Armour Shoppe.
 10521 | Lair:1   | Entered Level 1 of the Lair of Beasts
 11197 | Lair:1   | Reached skill level 9 in Earth Magic
 11359 | Lair:1   | Reached skill level 1 in Armour
 11840 | Lair:2   | Noticed Fannar
 11862 | Lair:2   | Reached skill level 5 in Dodging
 12320 | Lair:2   | Reached ** piety under Sif Muna
 12557 | Lair:2   | Noticed a skyshark
 12587 | Lair:2   | Killed a skyshark
 12728 | Lair:2   | Reached skill level 10 in Earth Magic
 12822 | Lair:2   | Noticed a catoblepas
 12850 | Lair:2   | Killed a catoblepas
 12965 | Lair:2   | Reached XP level 12. HP: 57/74 MP: 3/23
 12972 | Lair:2   | Noticed a skyshark
 13004 | Lair:2   | Noticed an eight-headed hydra
 13501 | D:9      | Killed a two-headed ogre
 13693 | D:8      | Killed Erica
 14292 | Lair:2   | Killed a skyshark
 14404 | Lair:2   | Noticed a seven-headed hydra
 14420 | Lair:2   | Killed a seven-headed hydra
 14557 | Lair:2   | Killed an eight-headed hydra
 14558 | Lair:2   | Reached skill level 11 in Earth Magic
 14635 | Lair:2   | Learned a level 4 spell: Leda's Liquefaction
 14642 | Lair:2   | Learned a level 6 spell: Iron Shot
 14709 | Lair:2   | Killed Fannar
 15086 | Lair:3   | Found a staircase to the Swamp.
 15086 | Lair:3   | Noticed a seven-headed hydra
 15086 | Lair:3   | Noticed a four-headed hydra
 15204 | Lair:3   | Killed a seven-headed hydra
 15320 | Lair:3   | Killed a four-headed hydra
 15320 | Lair:3   | Reached *** piety under Sif Muna
 15456 | Lair:3   | Found a hole to the Spider Nest.
 15710 | Lair:3   | Noticed an eight-headed hydra
 15753 | Lair:3   | Killed an eight-headed hydra
 15906 | Lair:3   | Noticed a boulder beetle
 15936 | Lair:3   | Killed a boulder beetle
 15937 | Lair:3   | Reached XP level 13. HP: 74/80 MP: 4/26
 17543 | Lair:4   | Reached skill level 12 in Earth Magic
 17644 | Lair:4   | Noticed Sonja
 17647 | Lair:4   | Killed Sonja
 17683 | Lair:4   | Found a staircase to the Slime Pits.
 17683 | Lair:4   | Found a viscous altar of Jiyva.
 18630 | Lair:5   | Entered Level 5 of the Lair of Beasts
 18891 | Lair:5   | Found a transporter.
 18892 | Lair:5   | Noticed Darkkill's ghost (journeyman MiHu)
 18906 | Lair:5   | Found a transporter.
 19542 | Lair:5   | Reached skill level 10 in Spellcasting
 19563 | Lair:5   | Reached **** piety under Sif Muna
 19564 | Lair:5   | Reached skill level 10 in Fighting
 19569 | Lair:5   | Reached skill level 1 in Shields
 20056 | Lair:5   | Gained mutation: Your large and strong wings let you fly.
                  | [Gargoyle growth]
 20056 | Lair:5   | Reached XP level 14. HP: 88/88 MP: 5/28
 20199 | Lair:5   | Reached skill level 13 in Earth Magic
 21493 | Lair:5   | Reached ***** piety under Sif Muna
 22190 | D:11     | Found a runed translucent gate.
 22190 | D:11     | Found a runed translucent gate.
 22191 | D:11     | Found a runed translucent gate.
 22202 | D:11     | Reached skill level 1 in Invocations
 22242 | D:11     | Noticed Kranky's ghost (journeyman MiGl)
 23205 | D:11     | Upgraded the game from 0.30.0-13-g156ef70053 to
                  | 0.30.0-15-g856e2d3f33
 23258 | Orc:1    | Entered Level 1 of the Orcish Mines
 23374 | Orc:1    | Found Costra's Weapon Shoppe.
 23383 | Orc:1    | Bought a +2 morningstar of holy wrath for 249 gold pieces
 23662 | Orc:1    | Found Fuamudgh's Distillery.
 23676 | Orc:1    | Bought a potion of curing for 36 gold pieces
 23676 | Orc:1    | Bought a potion of curing for 36 gold pieces
 23676 | Orc:1    | Bought a potion of curing for 36 gold pieces
 23676 | Orc:1    | Bought 2 potions of curing for 72 gold pieces
 23677 | Orc:1    | Found Featuer's Antique Armour Shop.
 23701 | Orc:1    | Bought a runed leather armour for 135 gold pieces
 23701 | Orc:1    | Bought a dyed leather armour for 135 gold pieces
 23701 | Orc:1    | Bought a jewelled scale mail for 243 gold pieces
 23701 | Orc:1    | Identified the +0 scale mail "Taunaum" {rPois Regen+ Str-3}
                  | (You bought it in a shop on level 1 of the Orcish Mines)
 23785 | Orc:2    | Entered Level 2 of the Orcish Mines
 23787 | Orc:2    | Received a gift from Sif Muna
 23798 | Orc:2    | Got Sif Muna's Parchment of Terra Firma and the Wayfarer
                  | {god gift}
 23808 | Orc:2    | Learned a level 5 spell: Lee's Rapid Deconstruction
 24173 | Orc:2    | Found a shimmering blue altar of Sif Muna.
 24528 | Orc:2    | Found a staircase to the Elven Halls.
 24769 | Orc:2    | Found Coarghe's Antique Weapon Emporium.
 24852 | Orc:2    | Found Taborom's Antique Weapon Shoppe.
 24890 | Orc:2    | Found a radiant altar of Vehumet.
 25005 | Orc:2    | Found Cileblett's Magic Scroll Emporium.
 25017 | Orc:2    | Paralysed by an orc sorcerer for 4 turns
 25092 | Orc:2    | Found an ancient bone altar of Kikubaaqudgha.
 25098 | Orc:2    | Bought a scroll of enchant armour for 97 gold pieces
 25098 | Orc:2    | Bought a scroll of enchant armour for 97 gold pieces
 25230 | Orc:2    | Found Feog's Jewellery Shoppe.
 25238 | Orc:2    | Bought a ring of willpower for 375 gold pieces
 26626 | D:12     | Reached skill level 10 in Maces & Flails
 27018 | D:13     | Reached XP level 15. HP: 88/94 MP: 18/30
 27075 | D:13     | Found a runed translucent gate.
 27075 | D:13     | Found a runed translucent gate.
 27078 | D:13     | Noticed a lich
 27079 | D:13     | Found a runed translucent gate.
 27079 | D:13     | Found an ancient bone altar of Kikubaaqudgha.
 27080 | D:13     | Noticed a lich
 27080 | D:13     | Noticed a lich
 27081 | D:13     | Noticed a lich
 27081 | D:13     | Noticed BillyBaka's ghost (journeyman GrFi)
 27118 | D:13     | Received a gift from Sif Muna
 27270 | D:13     | Reached skill level 5 in Shields
 27793 | D:13     | Found Irghyirho's Armour Boutique.
 28176 | D:14     | Noticed Snorg
 28182 | D:14     | Killed Snorg
 28898 | D:14     | Found a gate to the Vaults.
 29264 | D:14     | Reached skill level 14 in Earth Magic
 30083 | D:14     | Learned a level 4 spell: Olgreb's Toxic Radiance
 30276 | Spider:1 | Entered Level 1 of the Spider Nest
 30357 | Spider:1 | Received a gift from Sif Muna
 30360 | Spider:1 | Got Sif Muna's Further Progress in the Rites and Rhymes
                  | {god gift}
 31193 | Spider:1 | Identified a scroll of acquirement
 31197 | Spider:1 | Acquired 828 gold pieces
 31307 | Spider:1 | Reached skill level 5 in Poison Magic
 31658 | Swamp:1  | Entered Level 1 of the Swamp
 31692 | Lair:3   | Reached XP level 16. HP: 58/101 MP: 0/31
 33111 | Spider:2 | Reached skill level 10 in Conjurations
 33111 | Spider:2 | Received a gift from Sif Muna
 33115 | Spider:2 | Got Sif Muna's Incunabulum of Toxicity and the Icicle {god
                  | gift}
 33905 | Spider:3 | Noticed Arachne
 34449 | Spider:3 | Killed Arachne
 34450 | Spider:3 | Reached skill level 5 in Invocations
 35363 | Orc:2    | Bought an eveningstar for 420 gold pieces
 35366 | Orc:2    | Bought a crude rapier for 252 gold pieces
 35366 | Orc:2    | Identified the +10 rapier "Achohue" {drain, *Noise rPois
                  | rF- rCorr} (You bought it in a shop on level 2 of the
                  | Orcish Mines)
 35871 | Elf:1    | Entered Level 1 of the Elven Halls
 35885 | Abyss:2  | Cast into level 2 of the Abyss (a deep elf demonologist)
 36002 | Abyss:3  | Noticed a daeva
 36042 | Abyss:4  | Noticed a tentacled starspawn
 36126 | Abyss:4  | Noticed a tentacled starspawn
 36137 | Abyss:4  | Killed a tentacled starspawn
 36183 | Abyss:4  | Paralysed by accursed screaming for 1 turns
 36256 | Abyss:4  | Noticed a tentacled starspawn
 36264 | Abyss:4  | Killed a tentacled starspawn
 36265 | Abyss:4  | Reached skill level 15 in Earth Magic
 36290 | Elf:1    | Escaped the Abyss
 36352 | Abyss:4  | Cast into level 4 of the Abyss (a wizard)
 36385 | Abyss:4  | Noticed a lich
 36389 | Abyss:4  | Paralysed by a great orb of eyes for 5 turns
 36404 | Abyss:4  | Noticed a profane servitor
 36438 | Abyss:4  | Found a corrupted altar of Lugonu.
 36446 | Abyss:4  | Fell from the grace of Sif Muna
 36446 | Abyss:4  | Became a worshipper of Lugonu the Unformed
 36446 | Abyss:4  | Reached * piety under Lugonu
 36446 | Abyss:4  | Reached ** piety under Lugonu
 36447 | Elf:1    | Escaped the Abyss
 36992 | D:15     | Entered Level 15 of the Dungeon
 37149 | D:15     | Reached XP level 17. HP: 76/86 MP: 9/30
 38290 | D:15     | Found Ollar's Magic Scroll Shoppe.
 38298 | D:15     | Bought a scroll of teleportation for 45 gold pieces
 38833 | D:15     | Found a staircase to the Depths.
 38987 | D:15     | Upgraded the game from 0.30.0-15-g856e2d3f33 to
                  | 0.30.0-16-gbe6223bb7e
 39364 | Elf:1    | Identified the staff of earth "Qinaol" {Fragile rPois rF+++
                  | Int-4}
 39682 | Elf:1    | You are sucked into a shaft and drop 1 floor!
 41024 | Swamp:1  | Reached *** piety under Lugonu
 42614 | Swamp:2  | Identified the +8 chain mail of Bytappoi {rC- Dex+7}
 42832 | Swamp:2  | Reached skill level 16 in Earth Magic
 43770 | Swamp:3  | Reached **** piety under Lugonu
 44033 | Swamp:3  | Learned a level 5 spell: Borgnjor's Vile Clutch
 44214 | Swamp:3  | Reached XP level 18. HP: 115/115 MP: 0/35
 45463 | Swamp:4  | Entered Level 4 of the Swamp
 46481 | Swamp:4  | Paralysed by a fenstrider witch for 2 turns
 47409 | Swamp:4  | Reached skill level 17 in Earth Magic
 48149 | Swamp:4  | Noticed the 27-headed Lernaean hydra
 48297 | Swamp:4  | Identified the +0 pair of boots "Beazim" {Int+5}
 48339 | Swamp:4  | Killed the 27-headed Lernaean hydra
 48364 | Swamp:4  | Got a decaying rune of Zot
 48470 | Swamp:4  | Reached ***** piety under Lugonu
 48940 | Orc:2    | Bought a scroll of enchant weapon for 97 gold pieces
 48940 | Orc:2    | Bought a scroll of silence for 123 gold pieces
 48940 | Orc:2    | Bought a scroll of vulnerability for 52 gold pieces
 49168 | D:5      | Bought 2 scrolls of enchant weapon for 210 gold pieces
 49499 | Spider:4 | Entered Level 4 of the Spider Nest
 50279 | Spider:4 | Reached skill level 15 in Spellcasting
 50981 | D:11     | Killed Kranky's ghost
 51331 | Spider:4 | Was forgiven by Sif Muna
 51347 | Spider:4 | Reached skill level 1 in Necromancy
 51365 | Spider:4 | Reached XP level 19. HP: 68/121 MP: 16/38
 51867 | Spider:4 | HP: 5/122 [radroach (29)]
 52498 | Spider:4 | Got a gossamer rune of Zot
 53185 | Orc:2    | Bought an amulet of reflection for 450 gold pieces
 53377 | D:9      | Killed booth's ghost
 53378 | D:9      | Reached skill level 18 in Earth Magic
 53666 | D:13     | Reached skill level 15 in Maces & Flails
 53684 | D:13     | Killed BillyBaka's ghost
 53696 | D:13     | Identified the ring of Seasireh {rPois Will+ Dex+2 SInv
                  | Stlth-}
 53704 | D:13     | Identified the +1 cloak of Puechung {-Tele Harm Fly}
 54147 | Lair:5   | Killed Darkkill's ghost
 54147 | Lair:5   | Reached ****** piety under Lugonu
 54180 | Lair:5   | Identified the +9 battleaxe of Jumpisya {pain, rElec rC-
                  | Int+7 Dex+4}
 54183 | Lair:5   | Identified the staff of poison "Jozxyip" {rPois rN+ rCorr}
 54187 | Lair:5   | Identified the +5 lajatang of Massacring {spect, rF++ rN+}
 54729 | Elf:1    | Upgraded the game from 0.30.0-16-gbe6223bb7e to
                  | 0.30.0-17-ge0270778cf
 54978 | Vaults:1 | Entered Level 1 of the Vaults
 55179 | Vaults:1 | Noticed Nikola
 55267 | Vaults:1 | Reached skill level 15 in Fighting
 55424 | D:14     | Killed Nikola
 56577 | Vaults:1 | Reached XP level 20. HP: 78/129 MP: 19/40
 57387 | Vaults:2 | Reached skill level 1 in Evocations
 57690 | Vaults:2 | Reached skill level 1 in Staves
 58122 | Vaults:2 | Identified the +0 leather armour "Roillato" {rC+++ rN+
                  | Int-5 Slay+3}
 58651 | Vaults:2 | Reached skill level 19 in Earth Magic
 60837 | Vaults:3 | Noticed a golden dragon
 60842 | Vaults:3 | Killed a golden dragon
 60945 | Vaults:3 | Identified the +7 glaive of Thoughtfulness {flame, Contam
                  | rPois rC- rN+++}
 61209 | Vaults:3 | Found a staircase to the Crypt.
 62115 | Vaults:3 | Reached XP level 21. HP: 136/136 MP: 35/42
 64267 | Vaults:4 | Reached skill level 20 in Earth Magic
 65029 | Vaults:4 | Identified the +5 long sword of Forgiveness {freeze,
                  | *Corrode rF+ rC+ Int+4}
 65190 | Abyss:4  | Cast into level 4 of the Abyss (a wizard)
 65191 | Vaults:4 | Escaped the Abyss
 66063 | Elf:2    | Found a runed translucent gate.
 66063 | Elf:2    | Found a runed translucent gate.
 66067 | Elf:2    | Found a runed translucent gate.
 66496 | Elf:3    | Entered Level 3 of the Elven Halls
 66846 | Elf:3    | Noticed Roxanne
 66850 | Elf:3    | Killed Roxanne
 67158 | Elf:3    | Paralysed by an air elemental for 1 turns
 68879 | Elf:3    | Reached XP level 22. HP: 142/142 MP: 26/44
 69249 | Elf:3    | Reached skill level 5 in Staves
 69383 | Elf:3    | Reached skill level 5 in Evocations
 69729 | Elf:3    | Identified the +9 long sword "Widowmaker" {drain, rC+ Int+2
                  | Dex-2}
 69892 | Elf:3    | Reached skill level 21 in Earth Magic
 70052 | Elf:3    | Acquired the +0 hat of Zin's Esteem {Regen+ Str-3 Int+2
                  | Dex+3}
 70084 | Elf:3    | Identified the amulet "Weuwahao" {Acrobat rN+}
 70302 | Elf:3    | Identified the +10 sling of Xebreh {heavy, *Slow Will+
                  | Str+4}
 70390 | Elf:3    | Identified the +2 shortbow "Joclur" {heavy, rElec rPois
                  | Will- Int+6}
 70862 | Vaults:4 | Learned a level 8 spell: Lehudib's Crystal Spear
 70872 | Vaults:4 | Learned a level 9 spell: Shatter
 71138 | Depths:1 | Entered Level 1 of the Depths
 71477 | Depths:1 | Found a radiant altar of Vehumet.
 71912 | Depths:1 | Found a runed translucent door.
 71913 | Depths:1 | Noticed Kabe's ghost (veteran BaIE)
 72210 | Depths:1 | Found a gateway to Hell.
 72584 | Depths:1 | Found a hide-covered altar of Uskayaw.
 73236 | Depths:1 | Found a one-way gate to the infinite horrors of the Abyss.
 73421 | Depths:1 | Found a one-way gate leading to the halls of Pandemonium.
 73670 | Depths:1 | Learned a level 2 spell: Wereblood
 73962 | Depths:2 | Reached skill level 22 in Earth Magic
 74698 | Depths:2 | Reached skill level 10 in Dodging
 74834 | Depths:2 | Noticed Aizul
 74838 | Depths:2 | Killed Aizul
 75348 | Depths:2 | Found a snail-covered altar of Cheibriados.
 75393 | Depths:2 | Reached skill level 10 in Shields
 75403 | Depths:2 | Noticed a golden dragon
 75419 | Depths:2 | Killed a golden dragon
 75716 | Depths:2 | Identified the +0 falchion "Jequlic" {freeze, Int+6}
 75718 | Depths:2 | Reached XP level 23. HP: 149/149 MP: 15/45
 76216 | Depths:2 | Paralysed by a sphinx for 4 turns
 77140 | Depths:2 | Noticed a juggernaut
 77143 | Depths:2 | Killed a juggernaut
 77333 | Depths:2 | Identified the +2 buckler "Bojoic" {+Blink Int-2 Stlth+}
 77337 | Depths:2 | Noticed a golden dragon
 77345 | Depths:2 | Killed a golden dragon
 77480 | Depths:2 | Noticed a golden dragon
 77484 | Depths:2 | Killed a golden dragon
 77506 | Depths:2 | Noticed a caustic shrike
 77506 | Depths:2 | Noticed the Enchantress
 77511 | Depths:2 | Killed a caustic shrike
 77568 | Depths:2 | Identified a +5 demon whip of distortion (a +3 demon whip
                  | of flaming corrupted by Lugonu)
 77568 | Depths:2 | Received a gift from Lugonu
 77754 | Depths:2 | Noticed a juggernaut
 77762 | Depths:2 | Killed a juggernaut
 77909 | Depths:2 | Killed the Enchantress
 78331 | Depths:1 | Voluntarily entered the Abyss.
 78377 | Abyss:4  | Got an abyssal rune of Zot
 78426 | Depths:1 | Escaped the Abyss
 78850 | Depths:3 | Noticed a golden dragon
 78854 | Depths:3 | Killed a golden dragon
 78984 | Depths:3 | Noticed Jory
 79004 | Depths:3 | Killed Jory
 79278 | Depths:3 | Paralysed by a floating eye for 2 turns
 79302 | Depths:3 | Noticed Louise
 79449 | Depths:3 | Killed Louise
 79598 | Depths:3 | Noticed Sojobo
 79619 | Depths:3 | Paralysed by an air elemental for 1 turns
 79622 | Depths:3 | Killed Sojobo
 79623 | Depths:3 | Reached skill level 15 in Conjurations
 80105 | Depths:3 | Identified the amulet "Zipta" {Spirit Will+ Int+4 Stlth+}
 80546 | Depths:3 | Noticed a golden dragon
 80551 | Depths:3 | Killed a golden dragon
 80552 | Depths:3 | Reached XP level 24. HP: 149/159 MP: 9/45
 80965 | Depths:4 | Entered Level 4 of the Depths
 81226 | Depths:4 | Noticed a caustic shrike
 81236 | Depths:4 | Killed a caustic shrike
 81266 | Depths:4 | Noticed a caustic shrike
 81267 | Depths:4 | Noticed a caustic shrike
 81269 | Depths:4 | Noticed a caustic shrike
 81270 | Depths:4 | Noticed a caustic shrike
 81271 | Depths:4 | Killed a caustic shrike
 81273 | Depths:4 | Killed a caustic shrike
 81277 | Depths:4 | Killed a caustic shrike
 81282 | Depths:4 | Killed a caustic shrike
 81972 | Depths:4 | Found an ancient bone altar of Kikubaaqudgha.
 82081 | Depths:4 | Found a one-way gateway to a ziggurat.
 82985 | Depths:4 | Reached skill level 15 in Shields
 83434 | Depths:4 | Found a gate to the Realm of Zot.
 83810 | Vaults:5 | Entered Level 5 of the Vaults
 83810 | Vaults:5 | Noticed an ancient lich
 83817 | Vaults:5 | Killed an ancient lich
 83849 | Vaults:5 | Noticed an ancient lich
 84113 | Vaults:5 | Killed an ancient lich
 84116 | Vaults:5 | Reached XP level 25. HP: 165/166 MP: 27/45
 84349 | Vaults:5 | Noticed a dread lich
 84620 | Vaults:5 | Noticed a dread lich
 84623 | Vaults:5 | Killed a dread lich
 84624 | Vaults:5 | Killed a dread lich
 84924 | Vaults:5 | Identified the ring of the Six Eyes {Ice rN+++}
 85220 | Vaults:5 | Noticed Frederick
 85226 | Vaults:5 | Killed Frederick
 85586 | Vaults:5 | Identified the ring "Kacvuc" {Fire Int+4 Dex-4 Stlth+}
 86066 | Vaults:5 | Got a silver rune of Zot
 86288 | Vaults:5 | Found the +1 cloak of Starlight {*Dazzle EV+4 Stlth--}
 86477 | Vaults:5 | Identified the +0 scale mail of Okhlic {Rampage rElec rC+
                  | Str+2}
 86633 | Crypt:1  | Entered Level 1 of the Crypt
 89882 | Crypt:2  | Reached XP level 26. HP: 165/172 MP: 21/45
 90230 | Crypt:3  | Entered Level 3 of the Crypt
 90235 | Crypt:3  | Reached skill level 23 in Earth Magic
 90492 | Crypt:3  | Found a magical portal.
 90518 | WizLab   | Entered Alistair's Party Mansion
 92680 | Crypt:3  | Reached skill level 24 in Earth Magic
 92876 | Crypt:3  | Found a staircase to the Tomb.
 93411 | Crypt:3  | Noticed an ancient lich
 93411 | Crypt:3  | Noticed a dread lich
 93412 | Crypt:3  | Noticed a dread lich
 93459 | Crypt:3  | Killed a dread lich
 93535 | Crypt:3  | Killed a dread lich
 93536 | Crypt:3  | Killed an ancient lich
 93552 | Crypt:3  | Identified the ring of the Ant {rElec rCorr Str+5 Stlth-}
 93871 | D:15     | Bought a scroll of acquirement for 780 gold pieces
 93871 | D:15     | Bought a scroll of poison for 60 gold pieces
 93871 | D:15     | Acquired the Compilation of the Puissant Icicle
 93881 | D:15     | Learned a level 7 spell: Spellforged Servitor
 94054 | Zot:1    | Entered Level 1 of the Realm of Zot
 94083 | Depths:4 | Reached skill level 1 in Summonings
 94717 | Hell     | Entered the Vestibule of Hell
 94717 | Hell     | Noticed Geryon
 94720 | Hell     | Killed Geryon
 95246 | Hell     | Found a gateway to the decaying netherworld of Tartarus.
 95950 | Zot:1    | Reached skill level 5 in Armour
 96065 | Zot:1    | Identified the +9 rapier "Jaet Heu" {heavy, Str-5 Int+3
                  | SInv}
 96626 | Zot:2    | Reached XP level 27. HP: 178/178 MP: 39/45
 96636 | Zot:2    | Noticed Emnejil's ghost (master VSBe)
 96641 | Zot:2    | Found a runed translucent door.
 96944 | Zot:2    | Killed Emnejil's ghost
 98538 | Zot:5    | Entered Level 5 of the Realm of Zot
 99242 | Zot:5    | Noticed an ancient lich
 99243 | Zot:5    | Noticed an orb of fire
 99250 | Zot:5    | Killed an orb of fire
 99251 | Zot:5    | Killed an ancient lich
 99274 | Zot:5    | Reached skill level 5 in Summonings
 99411 | Zot:5    | Noticed a dread lich
 99416 | Zot:5    | Killed a dread lich
 99595 | Zot:5    | Noticed a dread lich
 99598 | Zot:5    | Paralysed by a dread lich for 2 turns
 99602 | Zot:5    | Killed a dread lich
 99603 | Zot:5    | Reached skill level 15 in Dodging
 99723 | Zot:5    | Reached skill level 10 in Evocations
 99750 | Zot:5    | Got the Orb of Zot
 99752 | Zot:5    | Noticed an ancient lich
 99756 | Zot:5    | Noticed a dread lich
 99765 | Zot:5    | Noticed Jaghoe the pandemonium lord
100199 | D:10     | Noticed Omat the pandemonium lord
100231 | D:9      | Noticed Fuhebos the pandemonium lord
100384 | D:$      | Escaped with the Orb!

Illustrated notes

Levels and vault maps discovered:
D:1:      nicolae_arrival_memento_mori, layout_rooms,
          shapermc_ecumenical_altar_notcrosses
D:2:      layout_basic, chequers_serial_rivers_room_b, uniq_robin
D:3:      layout_rooms, st_stairs_1
D:4:      layout_basic, marbit_many_paths, serial_forest,
          infiniplex_forest_lined_3, infiniplex_forest_split,
          infiniplex_forest_straight_3, infiniplex_forest_straight_5,
          infiniplex_forest_lined_room_2, uniq_natasha
D:5:      layout_rooms, serial_shops, nicolae_square_shop, shop, shop
D:6:      layout_layer_cave
D:7:      layout_rooms, minmay_temple_entry_statues_fountains
D:8:      layout_loops_ring, minmay_misc_feat_hallway, sigmund_army,
          uniq_maurice, uniq_erica, uniq_maggie
D:9:      layout_big_octagon, hellmonk_lair_entry_icy,
          gammafunk_ghost_nasty_kobolds
D:10:     layout_loops_ring, nicolae_overflow_hallway_of_the_gods, orc_0_dummy,
          nicolae_trove_entry_path_of_doom, serial_shops, shop, uniq_grum
D:11:     layout_cave_pods, gammafunk_ghost_spectres
D:12:     layout_roguey, lemuel_another_geyser
D:13:     layout_basic, gammafunk_ghost_crypt, serial_shops,
          nicolae_shop_pleasant_corner_grove
D:14:     layout_long_grid, lightli_vaults_fourway_checkpoint,
          grunt_decor_junction, uniq_snorg
D:15:     grunt_enter_depths_hoard, layout_basic, minmay_misc_feat_tower,
          serial_shops, nicolae_shop_crystal
Temple:   nicolae_temple_two_arcs
Lair:1:   layout_misc_corridors
Lair:2:   layout_gridlike, grunt_megastairs_3, uniq_fannar
Lair:3:   layout_chaotic_city, minmay_swamp_entry_reptiles,
          spider_nest_entry_webs, nzn_random_ring, grunt_megastairs_2
Lair:4:   cheibrodos_magma_flow, layout_hall_layers,
          nicolae_slime_entry_slimehenge, lemuel_fruit_tree, uniq_sonja
Lair:5:   minmay_lair_end_enchanted_forest, layout_misc_corridors,
          nzn_ghost_randoct, infiniplex_staircase_pool_2, grunt_megastairs_1,
          lemuel_fruit_fields
Swamp:1:  layout_falls_marsh, nicolae_swamp_some_circles, swamp_pool4
Swamp:2:  layout_falls_marsh, nicolae_swamp_tree_designs, swamp_pool4,
          nicolae_swamp_oklob_treasure_island
Swamp:3:  layout_basic_swamp, nicolae_swamp_tree_isthmus, swamp_pool3
Swamp:4:  grunt_swamp_rune_castle, layout_basic_swamp
Spider:1: layout_spider_delve, hangedman_spider_tarantella_strand
Spider:2: layout_spider_delve
Spider:3: layout_spider_delve, uniq_arachne
Spider:4: grunt_spider_rune_circles, nicolae_spider_bzzzt
Orc:1:    layout_caves, serial_shops, nicolae_shop_window_shopping, shop, shop
Orc:2:    kennysheep_orc_mage_school, layout_diamond_mine, basic_altar,
          led_sif_book
Elf:1:    layout_gridlike, hangedman_elf_disciples, lemuel_flamethrower_2
Elf:2:    elven_hall_of_blades_hangedman_original [nicolae_blade_little_rooms],
          layout_geoelf_diagonals, uniq_louise
Elf:3:    minmay_elf_hall_golems, layout_geoelf_castle,
          dreamdust_princess_corridor, uniq_roxanne
Vaults:1: nicolae_vaults_display_case, vaults_mumra_lcd,
          nicolae_vaults_double_plus_1, grunt_vaults_twisty,
          nicolae_vaults_alarming, v_rooms_2, nicolae_vaults_specimen_jars,
          nicolae_vaults_storage_closets_1, hangedman_vaults_maws,
          vaults_room_grunt_arrival_ludios, nicolae_vaults_theta,
          nicolae_vaults_diamond_2, layout_vaults_big_room, uniq_nikola
Vaults:2: v_alt_pattern_4, nicolae_vaults_shrinking_rooms_1,
          nicolae_vaults_tangram_1, vaults_dpeg_ring, ontoclasm_vaults_fault,
          nicolae_vaults_double_plus_1, nicolae_vaults_three_branches,
          layout_vaults_omnigrid
Vaults:3: hangedman_vaults_impose, st_hourglassy,
          minmay_crypt_entry_simple_statues, hangedman_vaults_cutoff,
          nicolae_vaults_stepped_doors, nicolae_vaults_little_squares_6,
          nicolae_vaults_apartment_1, nicolae_vaults_trapezoid_lopsided_3,
          ontoclasm_vaults_ring_small, ontoclasm_vaults_chip, vaults_dpeg_cross,
          layout_vaults_omnicross
Vaults:4: nicolae_vaults_closet_pinwheel_4, vaults_mumra_hexcomb,
          nicolae_vaults_weapon_check, vaults_room_boxed,
          nicolae_vaults_house_3, hangedman_vaults_pinch,
          nicolae_vaults_network_square, nicolae_vaults_little_squares_4,
          nicolae_vaults_house_3, vaults_room_hallway, vaults_room_pool,
          nicolae_vaults_surprise_closet_hard, layout_vaults_ring
Vaults:5: serial_shops, uniq_frederick
Crypt:1:  layout_basic, grunt_crypt_arrival_guarded_gate
Crypt:2:  layout_rooms
Crypt:3:  david_glass_crypt, layout_rooms, serial_co_window_serial,
          co_window_corner_a, co_window_corner_a, co_window_paths_a,
          co_window_paths_a, co_window_of_opportunity_a, co_window_paths_c,
          co_window_of_opportunity_b, co_window_broadway_c,
          co_window_unsneaky_path_b, mu_enter_wizlab_5, minivault_25
Depths:1: layout_gridlike, grunt_pan_entry_in_and_out,
          nicolae_uskayaw_dance_hall, hangedman_abyss_entry_splay,
          ebering_ghost_inner_flame, hell_entry, grunt_ministairs_6,
          vehumet_crystals
Depths:2: gammafunk_depths_water_palace, layout_basic, grunt_pan_entry_zigzag,
          lemuel_round_altar, abyss_entry, pf_hell_entry_tar_spiral,
          minmay_evil_grid, firewood_loft, uniq_aizul
Depths:3: minmay_curly_fans, layout_long_grid, hellmouth_2,
          nicolae_abyss_entry_one_way_or_another,
          infiniplex_staircase_split_hallway, uniq_sojobo, uniq_jory
Depths:4: grunt_zot_entry_gee_three, layout_cave_pools, enter_ziggurat_b,
          nicolae_kikubaaqudgha_miasma_corner, rand_demon_pan_entry_7,
          hangedman_coc_ice_floe, abyss_entry, uniq_enchantress
Hell
Zot:1:    layout_gridlike
Zot:2:    kennysheep_room_grid, layout_gridlike, hellmonk_ghost_big_iron
Zot:3:    layout_gridville
Zot:4:    layout_cathedral_of_symmetry, grunt_megastairs_4
Zot:5:    layout_basic, grunt_ministairs_5

Skill      XL: |  1  2  3  4  5  6  7  8  9 10 11 12 13 14 15 16 17 18 19 20 21 22 23 24 25 26 27 |
---------------+----------------------------------------------------------------------------------+-----
Earth Magic    | 4 5 6 7 8 10 11 12 13 14 15 16 17 18 19 20 22 24 | 24.4
Fighting       | 1 2 3 4 5 7 8 9 10 11 12 13 14 15 16 17 18 19 20 21 | 21.2
Spellcasting   | 3 4 5 6 7 9 10 11 12 13 15 16 17 18 | 18.4
Conjurations   | 1 2 4 5 6 7 8 9 10 11 12 15 18 20 | 20.0
Stealth        | 3 4 5 |  5.0
Transmutations | 1 2 3 |  3.4
Maces & Flails | 2 3 5 6 7 8 10 12 13 14 15 16 | 16.0
Dodging        | 2 3 4 5 6 7 8 9 10 11 15 | 15.0
Hexes          | 1 |  1.3
Poison Magic   | 2 3 5 |  5.4
Armour         | 2 3 5 8 |  8.4
Shields        | 2 4 5 6 7 10 13 16 17 | 17.7
Invocations    | 3 4 5 6 |  6.4
Necromancy     | 1 4 |  4.2
Evocations     | 3 4 5 6 8 10 | 10.2
Staves         | 3 4 6 |  6.0
Summonings     | 3 6 |  6.3
Short Blades   | |  0.1

Action                     |  1- 3 |  4- 6 |  7- 9 | 10-12 | 13-15 | 16-18 | 19-21 | 22-24 | 25-27 || total
---------------------------+-------+-------+-------+-------+-------+-------+-------+-------+-------++-------
  Melee: War axe           |     4 |    22 |       |       |       |       |       |       |       ||    26
         Whip              |       |    47 |    31 |    69 |   196 |       |       |       |       ||   343
         Punch             |       |     1 |     2 |     4 |       |       |       |       |       ||     7
         Dagger            |       |       |       |    50 |    39 |    93 |     6 |       |       ||   188
         Flail             |       |       |       |       |   110 |       |       |       |       ||   110
         Morningstar       |       |       |       |       |   263 |   710 |       |       |       ||   973
         Eveningstar       |       |       |       |       |       |   150 |   574 |    53 |       ||   777
         Staff             |       |       |       |       |       |       |   286 |   267 |   276 ||   829
         Demon whip        |       |       |       |       |       |       |       |   201 |   628 ||   829
  Throw: Dart              |       |     1 |       |       |       |       |     1 |       |       ||     2
   Cast: Sandblast         |    23 |    72 |    87 |   142 |   308 |   158 |    30 |     2 |       ||   822
         Stone Arrow       |       |     8 |    33 |   145 |   174 |    76 |   194 |   169 |     7 ||   806
         Petrify           |       |       |       |    34 |    38 |    49 |    29 |    13 |     4 ||   167
         Leda's Liquefacti |       |       |       |     4 |    22 |     6 |     1 |       |       ||    33
         Iron Shot         |       |       |       |       |    85 |   221 |   152 |    90 |   320 ||   868
         Passwall          |       |       |       |       |     1 |     2 |     1 |       |    12 ||    16
         Lee's Rapid Decon |       |       |       |       |    38 |    55 |    46 |    45 |    29 ||   213
         Olgreb's Toxic Ra |       |       |       |       |     2 |    57 |    56 |    22 |     5 ||   142
         Borgnjor's Vile C |       |       |       |       |       |    21 |    64 |    54 |    19 ||   158
         Lehudib's Crystal |       |       |       |       |       |       |       |   161 |    97 ||   258
         Shatter           |       |       |       |       |       |       |       |     7 |    38 ||    45
         Wereblood         |       |       |       |       |       |       |       |       |     7 ||     7
         Spellforged Servi |       |       |       |       |       |       |       |       |     3 ||     3
 Invoke: Channel Magic     |       |       |       |     1 |     1 |     7 |       |       |       ||     9
         Depart the Abyss  |       |       |       |       |       |     1 |     1 |     1 |       ||     3
         Brand Weapon With |       |       |       |       |       |       |       |     1 |       ||     1
  Evoke: Wand              |       |       |     4 |     4 |       |     6 |     4 |     2 |     2 ||    22
    Use: Scroll            |     5 |     8 |    13 |     9 |    15 |    20 |     8 |     7 |    19 ||   104
         Potion            |       |       |     1 |     2 |     5 |    12 |    10 |     9 |    46 ||    85
   Stab: Petrified         |       |       |       |    50 |    49 |    87 |    28 |     7 |     7 ||   228
         Petrifying        |       |       |       |       |     4 |     8 |     6 |       |     1 ||    19
         Distracted        |       |       |       |       |       |     1 |       |     1 |       ||     2
         Sleeping          |       |       |       |       |       |       |     1 |       |       ||     1
         Invisible         |       |       |       |       |       |       |       |       |     1 ||     1
 Armour: Robe              |     2 |    23 |    24 |     4 |       |       |   258 |   245 |   572 ||  1128
         Steam dragon scal |       |       |     5 |    27 |       |       |       |       |       ||    32
         Troll leather arm |       |       |       |    51 |   510 |   988 |   319 |    29 |       ||  1897
  Dodge: Dodged            |     2 |    30 |    50 |   116 |   512 |   825 |   566 |   316 |   645 ||  3062
  Block: Buckler           |       |       |       |       |   167 |   342 |   442 |   179 |   392 ||  1522
         Reflection        |       |       |       |       |       |       |    23 |     4 |       ||    27
